 Dungeon Sprint DCSS version 0.29-a0-1008-g949cc1d0fb (webtiles) character file.

Game seed: 7416445728297273667

697 Conn the Arsonist (level 7, -8/43 HPs)
             Began as an Octopode Fire Elementalist on Aug 6, 2022.
             Was a Follower of Sif Muna.
             Shot with a bolt by a yaktaur (19 damage)
             ... in the Dungeon (Sprint II: "The Violet Keep of Menkaure").
             The game lasted 00:05:43 (217 turns).

Conn the Arsonist (Octopode Fire Elementalist)       Turns: 217, Time: 00:05:44

Health: -8/43      AC:  1    Str: 10    XL:     7   Next: 65%
Magic:  14/17      EV: 15    Int: 17    God:    Sif Muna [*.....]
Gold:   6          SH:  0    Dex: 12    Spells: 7/20 levels left

rFire   + . .      SeeInvis +     - Unarmed
rCold   . . .      Faith    .   (no shield)
rNeg    . . .      Spirit   .   (helmet restricted)
rPois   +          Reflect  .   (no amulet)
rElec   .          Harm     .   c - ring of Feopats {Drain Fly rPois rF+ SInv}
rCorr   .          Rampage  .   (no ring)
Will    .....      NoTele   +   (no ring)
Stlth   +++++.....              (no ring)
HPRegen 0.14/turn               (no ring)
MPRegen 0.15/turn               (no ring)
                                (no ring)
                                (no ring)

@: flying
A: almost no armour, amphibious, 8 rings, camouflage 1, gelatinous body 1,
nimble swimmer 1, tentacles
a: Renounce Religion, Channel Magic


You were in the Dungeon.
You worshipped Sif Muna.
Sif Muna was aware of your devotion.
You visited 1 branch You collected 486 gold pieces.
You spent 480 gold pieces at shops.

Inventory:

Jewellery
 c - the ring of Feopats (left tentacle) {Drain Fly rPois rF+ SInv}
   (You bought it in a shop in the Dungeon)

   [ring of flight]

   rF:        It protects you from fire.
   rPois:     It protects you from poison.
   SInv:      It lets you see invisible.
   Fly:       It grants you flight.
   Drain:     It drains your maximum health when unequipped.
Potions
 a - a potion of magic


   Skills:
 + Level 1.1 Fighting
 + Level 5.7 Dodging
 + Level 6.5 Stealth
 + Level 5.0 Unarmed Combat
 + Level 7.3 Spellcasting
 + Level 3.6 Conjurations
 + Level 11.1 Fire Magic


You had 7 spell levels left.
You knew the following spells:

 Your Spells              Type           Power      Damage    Failure   Level
a - Foxfire               Conj/Fire      100%       2x1d9     1%          1
b - Conjure Flame         Conj/Fire      31%        6-21      1%          3
c - Inner Flame           Hex/Fire       25%        N/A       3%          3
d - Flame Wave            Conj/Fire      31%        2d9       5%          4
e - Scorch                Fire           88%        2d9       1%          2

Your spell library contained the following spells:

 Spells                   Type           Power      Damage    Failure   Level


Dungeon Overview and Level Annotations

Branches:
Dungeon (1/1)

Altars:
Cheibriados
Dithmenos
Elyvilon
Fedhas
Gozag
Hepliaklqana
Kikubaaqudgha
Makhleb
Nemelex Xobeh
Okawaru
Qazlal
Ru
Sif Muna
Trog
Uskayaw
Vehumet
Wu Jian
Xom
Yredelemnul
Zin
The Shining One
Jiyva
Lugonu

Shops:
D :==[[[[(![!::?(

Annotations:
D exclusion: oklob plant


Innate Abilities, Weirdness & Mutations

You cannot wear most types of armour.
You are amphibious.
You can wear up to eight rings at the same time.
Your skin changes colour to match your surroundings (Stealth+).
Your rubbery body absorbs attacks. (AC +1, EV +1)
You are camouflaged when in or above water. (Stealth+)
You have tentacles for arms and can constrict up to eight enemies at once.


Message History

The hornet is engulfed in a cloud of scalding steam.
The lava snake hisses angrily.
The hornet is engulfed in a cloud of scalding steam.
You feel better.
The lava snake hisses angrily.
The polar bear is engulfed in a cloud of scalding steam.
Casting: Scorch (safe; 1% risk of failure)
Confirm with . or Enter, or press ? or * to list all spells.
Flames lash the hornet.
The hornet is severely wounded.
The hornet's fire resistance burns away.
The hornet is engulfed in a cloud of scalding steam.
The hornet misses you.
The polar bear is engulfed in a cloud of scalding steam.
The hornet stings you!
* * * LOW HITPOINT WARNING * * *
You feel yourself slow down.
Unknown command.
Unknown command.
Unknown command.
Okay, then.
The hornet attacks as you move away! The hornet barely misses you.
The hornet is engulfed in a cloud of scalding steam.
The hornet stings you.
* * * LOW HITPOINT WARNING * * *
Blink to where?
Press: ? - help, Dir - move target
As you read the scroll of blinking, it crumbles to dust.
You feel yourself speed up.
A yaktaur comes into view.
You aren't carrying any scrolls.
Unknown command.
Unknown command.
Unknown command.
Okay, then.
Magic courses through your body.
The polar bear is engulfed in a cloud of scalding steam.
The yaktaur wields a +0 arbalest.
The yaktaur shoots a bolt.
The bolt hits you!!
You die...

#v~####†..### ..## #..# $)$
#§##.###†###.##..# +..# ▓$$$?$
#§#...##†###..#..# #..# ▓(?[(?
'§'##.'.<.+ #'..### ..##. ▓!!?(?
#~#.####.###..#...§###..y##▓▓▓▓▓▓
#~##.# #+# #s##§§....~c~~~~~~~~~~
#~~### ###§~.§...~#'########+
##~~~# #§~~~§~~..§#._._._..#~
#'#~## ##§hh~@§†~.~#.._._._.#~
#!#~~##+##~~~§≈§~§~~~#._._._._#~
####~~~~~~~y~§≈§≈§~~~#_._._._.#~
#+++#+++#~≈§≈≈§§≈~#._._._..#§
≈≈SS≈ ##§≈≈###§≈#_._._...#§
§§≈°≈≈°§≈##≈≈# #≈≈#._._....#§
+§S≈≈°°≈°≈≈≈+≈≈# #≈≈#_._.....#~
##≈≈§≈≈§§§≈##≈≈≈≈§≈≈##########~
##§≈≈≈≈≈≈###########~~~~~~~~~≈


You could see 2 polar bears, a yaktaur and a hornet (combustible).

Vanquished Creatures
  Menkaure (D)
  A water moccasin (D)
  4 necrophages (D)
  5 scorpions (D)
  3 worms (D)
14 creatures vanquished.

Vanquished Creatures (others)
  29 foxfires (D)
29 creatures vanquished.

Grand Total: 43 creatures vanquished

Notes
Turn   | Place    | Note
-------+----------+-------------------------------------------
     0 | D        | Conn the Octopode Fire Elementalist began the quest for the
                  | Orb.
     0 | D        | Reached XP level 1. HP: 11/11 MP: 3/3
     4 | D        | Noticed a necrophage
     4 | D        | Noticed a necrophage
     4 | D        | Noticed a necrophage
     4 | D        | Noticed a necrophage
    12 | D        | Killed a necrophage
    13 | D        | Reached skill level 6 in Fire Magic
    13 | D        | Reached XP level 2. HP: 8/17 MP: 3/6
    13 | D        | Reached XP level 3. HP: 10/21 MP: 4/8
    13 | D        | Reached XP level 4. HP: 13/27 MP: 4/9
    16 | D        | Killed a necrophage
    17 | D        | Reached skill level 1 in Unarmed Combat
    17 | D        | Reached skill level 7 in Fire Magic
    17 | D        | Reached XP level 5. HP: 16/31 MP: 4/11
    21 | D        | Reached skill level 5 in Stealth
    21 | D        | Reached skill level 8 in Fire Magic
    29 | D        | Reached skill level 5 in Spellcasting
    29 | D        | Reached skill level 9 in Fire Magic
    29 | D        | Reached XP level 6. HP: 13/36 MP: 3/13
    70 | D        | Learned a level 2 spell: Scorch
    74 | D        | Learned a level 3 spell: Conjure Flame
    78 | D        | Learned a level 3 spell: Inner Flame
    83 | D        | Learned a level 4 spell: Flame Wave
    85 | D        | Found Haugre's Weapon Shop.
    86 | D        | Found Vieqim's Book Boutique.
    86 | D        | Found Giad's Book Shop.
    86 | D        | Found Eblollyidd's Antique Armour Boutique.
    86 | D        | Found Gynwogiq's Distillery.
    86 | D        | Found Wuir's Antique Armour Shop.
    86 | D        | Found Retaj's Antique Weapon Shop.
    86 | D        | Found Satisen's Distillery.
    86 | D        | Found Suyraet's Antique Armour Boutique.
    86 | D        | Found Faecse's Antique Armour Boutique.
    89 | D        | Found Odaetwuk's Jewellery Shop.
    89 | D        | Found Jijon's Jewellery Boutique.
    90 | D        | Found Idoatzyl's Magic Scroll Boutique.
    90 | D        | Found Tirphired's Armour Shop.
    90 | D        | Noticed a great orb of eyes
    91 | D        | Noticed Menkaure
    91 | D        | Noticed an oklob plant
    92 | D        | Found Fiosyon's Book Shoppe.
    93 | D        | Noticed an iron elemental
   106 | D        | Killed Menkaure
   107 | D        | Reached skill level 5 in Dodging
   107 | D        | Reached skill level 10 in Fire Magic
   115 | D        | Noticed a redback
   129 | D        | Bought the ring of Feopats {Drain Fly rPois rF+ SInv} for
                  | 480 gold pieces
   148 | D        | Reached XP level 7. HP: 19/42 MP: 9/16
   161 | D        | Found a glowing silver altar of Zin.
   161 | D        | Found a radiant altar of Vehumet.
   162 | D        | Found a glowing golden altar of the Shining One.
   162 | D        | Found a basalt altar of Yredelemnul.
   162 | D        | Found a hide-covered altar of Uskayaw.
   162 | D        | Found a sparkling altar of Nemelex Xobeh.
   163 | D        | Found a shimmering altar of Xom.
   163 | D        | Found a bloodstained altar of Trog.
   163 | D        | Found a burning altar of Makhleb.
   164 | D        | Found an ornate altar of the Wu Jian Council.
   164 | D        | Found a shimmering blue altar of Sif Muna.
   164 | D        | Found a corrupted altar of Lugonu.
   164 | D        | Found a blossoming altar of Fedhas.
   165 | D        | Found a sacrificial altar of Ru.
   165 | D        | Found an ancient bone altar of Kikubaaqudgha.
   165 | D        | Found a white marble altar of Elyvilon.
   166 | D        | Found a stormy altar of Qazlal.
   166 | D        | Found a viscous altar of Jiyva.
   166 | D        | Found a shadowy altar of Dithmenos.
   167 | D        | Found a hazy altar of Hepliaklqana.
   167 | D        | Found a snail-covered altar of Cheibriados.
   170 | D        | Found an opulent altar of Gozag.
   170 | D        | Found an iron altar of Okawaru.
   173 | D        | Became a worshipper of Sif Muna the Loreminder
   198 | D        | Reached * piety under Sif Muna
   200 | D        | Reached skill level 1 in Fighting
   200 | D        | Noticed a polar bear
   200 | D        | Noticed a polar bear
   201 | D        | Noticed a hornet
   206 | D        | Reached skill level 5 in Unarmed Combat
   206 | D        | Reached skill level 11 in Fire Magic
   216 | D        | Noticed a yaktaur
   217 | D        | Shot with a bolt by a yaktaur

Illustrated notes

Levels and vault maps discovered:
D:        the_violet_keep_of_menkaure [sprint2_stairs_cluster_1,
          sprint2_shoproom, sprint2_temple, sprint2_basic_supplies,
          sprint2_obstacle_5, sprint2_obstacle_4, sprint2_obstacle_7,
          sprint2_obstacle_3, sprint2_obstacle_2, sprint2_timed_cluster_1,
          sprint2_smallroom_cluster_1, sprint2_smallroom_final_cluster_1,
          sprint2_transparent_cluster_1, sprint2_second_timed_cluster_1,
          sprint2_sniper_area_1, sprint2_heavy_combat_area_1,
          sprint2_mutation_trap_area_1, sprint2_forest_area_1,
          sprint2_light_combat_area_1, sprint2_behind_water_1,
          sprint2_near_end_vault_1]

Skill      XL: |  1  2  3  4  5  6  7 |
---------------+----------------------+-----
Dodging        | 3 4 5 |  5.7
Stealth        | 4 5 6 |  6.5
Spellcasting   | 3 4 5 6 7 |  7.3
Fire Magic     | 6 7 9 10 11 | 11.1
Unarmed Combat | 1 2 4 5 |  5.0
Conjurations   | 2 3 |  3.6
Fighting       | 1 |  1.1

Action                   |  1- 3 |  4- 6 |  7- 9 || total
-------------------------+-------+-------+-------++-------
Melee: Unarmed           |     6 |    12 |       ||    18
       Constrict         |     1 |     5 |       ||     6
       Tentacles         |     1 |     1 |       ||     2
 Cast: Foxfire           |       |    14 |     4 ||    18
       Scorch            |       |     5 |     3 ||     8
       Flame Wave        |       |       |     1 ||     1
  Use: Potion            |     2 |     2 |     2 ||     6
       Scroll            |       |       |     1 ||     1
Dodge: Dodged            |     2 |     4 |     4 ||    10

Table legend: (Time is in decaauts)
 A = Elapsed time spent in this place.
 B = Non-inter-level travel time spent in this place.
 C = Inter-level travel time spent in this place.
 D = Time resting spent in this place.
 E = Time spent auto-exploring this place.
 F = Levels seen in this place.
 G = Mean time per level.
                   A        B        C        D        E       F      G
               +--------+--------+--------+--------+--------+-----+--------+
         Total |    212 |    212 |      0 |      0 |      0 |   1 |  212.0 |
       Dungeon |    212 |    212 |      0 |      0 |      0 |   1 |  212.0 |
               +--------+--------+--------+--------+--------+-----+--------+

Top non-repeatable levels by time:
       D: 212 daAuts
